 Dungeon Crawl Stone Soup version 0.27.1-33-g824d729ab1 (webtiles) character file.

Game seed: 17117608829742011739

9 dianekeaton the Cudgeller (level 2, 0/26 HPs)
             Began as a Minotaur Berserker on Dec 9, 2021.
             Was a Follower of Trog.
             Slain by a goblin (3 damage)
             ... on level 1 of the Dungeon.
             The game lasted 00:00:42 (138 turns).

dianekeaton the Cudgeller (Minotaur Berserker)       Turns: 138, Time: 00:00:43

Health: 0/26       AC:  2    Str: 21    XL:     2   Next: 3%
Magic:  1/1        EV: 12    Int:  4    God:    Trog [*.....]
Gold:   0          SH:  0    Dex:  9    Spells: 1/1 levels left

rFire    . . .     SeeInvis .   a - +0 mace
rCold    . . .     Faith    .   (no shield)
rNeg     . . .     Spirit   .   b - +0 animal skin
rPois    .         Reflect  .   (helmet restricted)
rElec    .         Harm     .   (no cloak)
rCorr    .         Rampage  .   (no gloves)
Will     .....                  (no boots)
Stlth    +.........             (no amulet)
HPRegen  0.08/turn              (no ring)
MPRegen  0.07/turn              (no ring)

@: no status effects
A: horns 2, retaliatory headbutt
a: Renounce Religion, Berserk


You were on level 1 of the Dungeon.
You worshipped Trog.
Trog was aware of your devotion.
You visited 1 branch of the dungeon, and saw 1 of its levels.

Inventory:

Hand Weapons
 a - a +0 mace (weapon)
Armour
 b - a +0 animal skin (worn)
Jewellery
 d - a ring of positive energy
Scrolls
 c - a scroll of identify {unknown}
 e - a scroll of blinking {unknown}


   Skills:
 - Level 3.6 Fighting
 + Level 4.4 Maces & Flails
 - Level 2.4 Armour
 - Level 2.1 Dodging


You had one spell level left.
You didn't know any spells.
Your spell library was empty.

Dungeon Overview and Level Annotations

Branches:
Dungeon (1/15)

Altars:


Innate Abilities, Weirdness & Mutations

You have a pair of horns on your head.
You reflexively headbutt those who attack you in melee.


Message History

Things that are here:
a jackal corpse; a jackal corpse You start resting.
A rat comes into view.
A rat is nearby!
A rat is nearby!
A rat is nearby!
e - a scroll labelled GOUSTROSTR REBRU You feel yourself speed up.
Things that are here:
a jackal corpse; a jackal corpse
Things that are here:
a +0 dagger; a kobold corpse A quokka comes into view.
The quokka moves out of view.
You recover from your berserk rage.
Things that are here:
a +0 dagger; a kobold corpse The quokka bites you but does no damage.
The quokka closely misses you. The quokka barely misses you.
You furiously retaliate!
You headbutt the quokka!
You kill the quokka!
Trog accepts your kill.
You have reached level 2!
You start resting.
A goblin comes into view. It is wielding a +0 club.
A hobgoblin comes into view.
The goblin hits you with a +0 club.
You barely miss the goblin. Your headbutt misses the goblin.
The goblin hits you with a +0 club.
* * * LOW HITPOINT WARNING * * *
A frilled lizard comes into view.
You closely miss the goblin. Your headbutt misses the goblin.
The goblin hits you with a +0 club.
* * * LOW HITPOINT WARNING * * *
You barely miss the goblin. The goblin hits you with a +0 club.
* * * LOW HITPOINT WARNING * * *
You hit the goblin but do no damage. Your headbutt misses the goblin.
The goblin hits you with a +0 club.
You die...

.............###
......####.#...#
.#.....###††##.#
..†..#....)....#
........##..#..## ##.
####.#..........####....
#.#.#.............###
#.#.....#............
......#..#...@.......
............gg.......
.....[####...$.......
...... .............
.... ...#.##...##.## ...
#.....##l.# .# #.##. ...
. ....


You could see a hobgoblin, a goblin and a frilled lizard.

Vanquished Creatures
  An endoplasm (D:1)
  3 jackals (D:1)
  A quokka (D:1)
  A bat (D:1)
  A kobold (D:1)
  A rat (D:1)
8 creatures vanquished.

Notes
Turn   | Place    | Note
-------+----------+-------------------------------------------
     0 | D:1      | dianekeaton the Minotaur Berserker began the quest for the
                  | Orb.
     0 | D:1      | Reached XP level 1. HP: 19/19 MP: 0/0
    60 | D:1      | Reached skill level 4 in Maces & Flails
   110 | D:1      | Reached XP level 2. HP: 8/26 MP: 1/1
   138 | D:1      | Slain by a goblin

Illustrated notes

Levels and vault maps discovered:
D:1:      roderic_crossed_star, layout_rooms

Skill      XL: |  1 |
---------------+----+-----
Maces & Flails | 4 |  4.4
Fighting       | |  3.6
Armour         | |  2.4
Dodging        | |  2.1

Action                   || total
-------------------------++-------
Melee: Mace              ||    16
Invok: Berserk           ||     1
Armor: Animal skin       ||    10
Dodge: Dodged            ||    17
